 Dungeon Crawl Stone Soup version 0.26.0-7-g794d0892b4 (webtiles) character file.

Game seed: 8395682439432824727

76 shakesphere1979 the Chiller (level 4, -9/32 HPs)
             Began as a Merfolk Ice Elementalist on Jan 12, 2021.
             Mangled by Natasha (10 damage)
             ... on level 2 of the Dungeon.
             The game lasted 00:05:35 (1993 turns).

shakesphere1979 the Chiller (MfIE)                  Turns: 1993, Time: 00:05:37

Health: -9/32      AC:  2    Str:  8    XL:     4   Next: 32%
Magic:  6/7        EV: 13    Int: 15    God:
Gold:   78         SH:  0    Dex: 14    Spells: 7/8 levels left

rFire    . . .     SeeInvis .   f - +0 short sword
rCold    . . .     Faith    .   (no shield)
rNeg     . . .     Spirit   .   a - +0 robe
rPois    .         Reflect  .   (no helmet)
rElec    .         Harm     .   (no cloak)
rCorr    .         Rampage  .   (no gloves)
Will     .....                  (no boots)
Stlth    ++........             (no amulet)
HPRegen  0.10/turn              (no ring)
MPRegen  0.10/turn              (no ring)

@: brilliant
A: change form in water, swift swim, stealthy swim
a: no special abilities


You were on level 2 of the Dungeon.
You visited 1 branch of the dungeon, and saw 2 of its levels.

You collected 78 gold pieces.

Inventory:

Hand Weapons
 d - a +0 hunting sling
 f - a +0 short sword (weapon)
Missiles
 h - 80 stones
 j - 19 poisoned darts
Armour
 a - a +0 robe (worn)
Scrolls
 b - 2 scrolls of identify {unknown}
 c - a scroll of enchant weapon {unknown}
 e - a scroll of teleportation {unknown}
Potions
 i - a potion of cancellation


   Skills:
 + Level 1.5 Fighting
 + Level 3.5 Dodging
 + Level 3.0 Stealth
 + Level 2.5 Spellcasting
 + Level 4.8 Ice Magic


You had 7 spell levels left.
You knew the following spells:

 Your Spells              Type           Power        Failure   Level
a - Freeze                Ice            96%          3%          1

Your spell library contained the following spells:

 Spells                   Type           Power        Failure   Level
 Frozen Ramparts          Ice            48%          9%          3
 Ozocubu's Armour         Ice            24%          9%          3
 Hailstorm                Conj/Ice       13%          61%         4
 Summon Ice Beast         Ice/Summ       13%          61%         4


Dungeon Overview and Level Annotations

Branches:
Dungeon (2/15)

Altars:

Annotations:
D:2 Natasha


Message History

The crimson imp disappears in a puff of smoke!
Natasha casts a spell at you. The magic dart hits you!
* * * LOW HITPOINT WARNING * * *
Natasha claws you!
* * * LOW HITPOINT WARNING * * *
It was a potion of cancellation.
You feel magically purged. Natasha barely misses you.
It was a potion of brilliance.
You feel clever all of a sudden. Natasha claws you but does no damage.
Casting: Freeze (safe; 3% risk of failure)
Confirm with . or Enter, or press ? or * to list all spells.
Aiming: Freeze (safe; 3% risk of failure)
Press: ? - help, Shift-Dir - straight line, f - Natasha
Aim: Natasha You feel a surge of power!
You freeze Natasha!
Natasha is severely wounded.
Natasha claws you!
You die...

#.......<# #.#########
#.†.......# #########.#
########## # #########.#
#........# #.........#.#
#........###.#######.#.#
#............÷.......#.########
#.........##.#.@.....#........#
########)..##.#h#####.########[#
#.....#....##.#.#...#.# #.#
#.###.#.....#.#5#.#.#.# #.#
)........5.....>#.#.#.########.#
#.###'#..5...................#.#
#...........#.#.#####.######.#.#
#.....)........... #.# #.#.#
#...........#.#.### #.# #.#.#


You could see an iron imp (summoned) and Natasha.

Vanquished Creatures
  3 adders (D:2)
  A gnoll (D:1)
  A dart slug (D:1)
  2 leopard geckos
  2 bats
  A giant cockroach (D:1)
  2 goblins (D:1)
  6 hobgoblins
  4 jackals (D:1)
  7 kobolds
  A frilled lizard (D:2)
  4 rats
34 creatures vanquished.

Notes
Turn   | Place    | Note
-------+----------+-------------------------------------------
     0 | D:1      | shakesphere1979 the Merfolk Ice Elementalist began the
                  | quest for the Orb.
     0 | D:1      | Reached XP level 1. HP: 13/13 MP: 3/3
   129 | D:1      | Reached XP level 2. HP: 17/20 MP: 0/5
   584 | D:1      | Reached skill level 1 in Fighting
   630 | D:1      | Reached XP level 3. HP: 21/26 MP: 4/6
  1818 | D:2      | Reached XP level 4. HP: 32/32 MP: 5/7
  1938 | D:2      | Noticed Natasha
  1990 | D:2      | HP: 1/32 [Natasha (7)]
  1993 | D:2      | Mangled by Natasha

Illustrated notes

Levels and vault maps discovered:
D:1:      dpeg_arrival_rooms_a, layout_basic
D:2:      layout_basic, uniq_natasha

Skill      XL: |  1  2  3  4 |
---------------+-------------+-----
Dodging        | 3 |  3.5
Fighting       | 1 |  1.5
Stealth        | 3 |  3.0
Spellcasting   | |  2.5
Ice Magic      | |  4.8

Action                   |  1- 3 |  4- 6 || total
-------------------------+-------+-------++-------
Melee: Dagger            |    49 |       ||    49
       Short sword       |    32 |    10 ||    42
 Cast: Freeze            |    24 |     9 ||    33
  Use: Potion            |       |     2 ||     2
 Stab: Sleeping          |     2 |     1 ||     3
Armor: Robe              |    13 |     3 ||    16
Dodge: Dodged            |    71 |    14 ||    85
